AoeStats
← theo.bres

Arabia

510383050Analyzed
1v1 RM · 11h ago on Sep 30, 2026· 59m 8s· 2 players
Game mode
Random Map
Map size
Tiny (2 player)
Population
200
Speed
Normal
Resources
Standard
Victory
Conquest
Starting age
Dark Age
Ending age
Imperial Age
RankedLock teamsTeams togetherTeam positionsShared explorationLock speedFull tech treeHidden civsTurbo modeCheats
Victory
Defeat
🇸🇮 Mongols · Slovenia
1219
+18
🇫🇷 Lithuanians · France
1270
-18
Horny
9:05 Feudal Age
7:58 Loom
9:54 Double-Bit Axe
20:28 Castle Age
20:26 Horse Collar
23:55 Heavy Plow
25:36 Gold Mining
26:44 Stone Mining
27:25 Fletching
28:03 Bow Saw
29:36 Bodkin Arrow
30:04 Bloodlines
32:10 Padded Archer Armor
32:17 Husbandry
33:10 Ballistics
39:39 Imperial Age
37:47 Wheelbarrow
36:59 Town Watch
40:22 Bracer
41:58 Chemistry
41:17 Leather Archer Armor
41:51 Elite Mangudai
44:40 Forging
45:27 Scale Barding Armor
47:58 Heavy Camel Rider
49:02 Chain Barding Armor
51:48 Hand Cart
51:34 Town Patrol
52:44 Light Cavalry
54:02 Iron Casting
53:55 Hussar
theo.bres
8:50 Feudal Age
7:10 Loom
9:27 Double-Bit Axe
20:44 Castle Age
18:45 Horse Collar
19:37 Scale Barding Armor
19:29 Gold Mining
20:21 Bloodlines
21:40 Wheelbarrow
22:05 Bow Saw
24:16 Husbandry
24:31 Forging
24:11 Fletching
25:41 Scale Mail Armor
25:42 Padded Archer Armor
28:11 Chain Barding Armor
29:42 Elite Skirmisher
31:37 Iron Casting
32:22 Hand Cart
33:01 Ballistics
32:37 Murder Holes
34:27 Town Watch
34:58 Stone Mining
35:35 Heavy Plow
36:36 Leather Archer Armor
36:58 Thumb Ring
41:46 Imperial Age
40:50 Pikeman
41:30 Squires
42:51 Conscription
44:05 Bodkin Arrow
45:40 Tower Shields
45:04 Elite Leitis
47:08 Plate Barding Armor
48:48 Ring Archer Armor
49:36 Cavalier
50:13 Capped Ram
53:29 Bracer
Connection lost

Rejoining the realm…

Still unreachable

The connection could not be restored.

Session expired

The server has moved on; the page needs a fresh start.